cohdb
Replays
Latest Replays
All Replays
Popular Replays
Top Player Replays
Match Explorer
How It Works
Community
CoH3 Stats
Reddit
Sign in to upload your games and track your stats! →
Sign in with Steam
Match 41436242
Unlisted
Match 41436242
Overview
Messages
Build Orders
End
Kradschützen Motorcycle Team
Panzergrenadier Squad
250 Light Carrier
Panzergrenadier Squad
Construct Light Support Kompanie
Fire Support Elements
Panzergrenadier Squad
2.5-tonne Medical Truck
Veteran Squad Leaders
2.5-tonne Medical Truck
Pak 38 Mechanized Group
Construct Panzerarmee Kommand
Flak 36 Anti-tank Gun Team
Selects Armored Support Battlegroup
Selects Salvage Kits
Selects Panzer Storm
Selects Stuka Anti-tank Loiter
Walking Stuka Rocket Launcher
MG34 Team
Armored Reserves
Flak 36 Anti-tank Gun Team
Flak 36 Anti-tank Gun Team
✠Defender
!BlackSteel
cheesysamurai
HiddenJoker
VeeDemo
[14e]tuveuxdugateaux
water
AlexTheLie
0
0
Comments
sign in to comment!
No comments posted yet!